 Dungeon Crawl Stone Soup version 0.21-a0-203-gb066a6e (webtiles) character file.

259 Spazmo the Firebug (level 5, -8/46 HPs)
             Began as a Draconian Fire Elementalist on Aug 19, 2017.
             Killed by nerve-wracking pain
             ... invoked by Grinder
              (11 damage)
             ... on level 3 of the Dungeon.
             The game lasted 00:17:24 (2030 turns).

Spazmo the Firebug (Draconian Fire Elementalist)    Turns: 2030, Time: 00:17:25

Health: -8/46      AC:  7    Str: 11    XL:     5   Next: 95%
Magic:  6/12       EV: 13    Int: 16    God:
Gold:   67         SH:  0    Dex: 11    Spells: 8/14 levels left

rFire    . . .     SeeInvis .   m - +2 dagger (venom)
rCold    + . .     Gourm    .   (no shield)
rNeg     . . .     Faith    .   (armour unavailable)
rPois    .         Spirit   .   (helmet restricted)
rElec    .         Reflect  .   (no cloak)
rCorr    .         Harm     .   i - +1 pair of gloves
MR       .....                  (no boots)
Stlth    ++........             (no amulet)
HPRegen  0.55/turn              (no ring)
MPRegen  0.13/turn              (no ring)

@: no status effects
A: unfitting armour, cold resistance 1, regeneration 1, cold-blooded, AC +5
a: no special abilities


You were on level 3 of the Dungeon.
You were not hungry.

You visited 1 branch of the dungeon, and saw 3 of its levels.

You collected 67 gold pieces.

Inventory:

Hand Weapons
 m - a +2 dagger of venom (weapon)
Missiles
 l - 69 stones (quivered)
Armour
 i - a +1 pair of gloves (worn)
Jewellery
 n - an uncursed amulet of magic regeneration {unknown}
Wands
 p - a wand of polymorph (10/24)
Scrolls
 c - 2 scrolls of teleportation
 d - 2 scrolls of remove curse
 r - 2 scrolls of identify
 u - a scroll of fog {unknown}
Potions
 o - a potion of heal wounds {unknown}
 q - a potion of lignification {unknown}
 s - a potion of mutation
 t - a potion of might {unknown}
Books
 a - a book of Flames

   Spells                             Type                      Level
   a - Flame Tongue                   Conjuration/Fire             1
   b - Throw Flame                    Conjuration/Fire             2
   c - Conjure Flame                  Conjuration/Fire             3
   d - Inner Flame                    Hexes/Fire                   3
   e - Sticky Flame                   Conjuration/Fire             4
   f - Fireball                       Conjuration/Fire             5
 f - a book of Changes

   Spells                             Type                      Level
   a - Beastly Appendage              Transmutation                1
   b - Sticks to Snakes               Transmutation                2
   c - Spider Form                    Transmutation/Poison         3
   d - Ice Form                       Ice/Transmutation            4
   e - Blade Hands                    Transmutation                5
Comestibles
 b - 2 bread rations
 g - a meat ration
 h - 5 chunks of flesh
 j - 2 fruits
 k - a royal jelly


   Skills:
 + Level 4.1 Fighting
 + Level 3.9 Dodging
 - Level 1.7 Stealth
 * Level 5.4 Spellcasting
 * Level 5.8 Conjurations
 * Level 6.4 Fire Magic


You had 8 spell levels left.
You knew the following spells:

 Your Spells              Type           Power        Failure   Level  Hunger
a - Flame Tongue          Conj/Fire      ###..        1%          1    None
b - Throw Flame           Conj/Fire      ###...       1%          2    #......
c - Conjure Flame         Conj/Fire      ###.....     3%          3    ###....


Dungeon Overview and Level Annotations

Branches:
Dungeon (3/15)

Altars:

Annotations:
D:3 Grinder


Innate Abilities, Weirdness & Mutations

Your plain brown scales are hard. (AC +5)
You cannot fit into any form of body armour.
You are cold-blooded and may be slowed by cold attacks.
Your flesh is cold resistant. (rC+)
Your natural rate of healing is unusually fast.


Message History

Casting: Flame Tongue
Confirm with . or Enter, or press ? or * to list all spells.
Aiming: Flame Tongue
Press: ? - help, Shift-Dir - straight line, f/p - Grinder
Aim: Grinder (heavily wounded)
The flame tongue hits Grinder.
Grinder is heavily wounded.
Grinder says, "Don't move a muscle."
Grinder gestures at you. Pain shoots through your body!
* * * LOW HITPOINT WARNING * * *
Casting: Flame Tongue
Confirm with . or Enter, or press ? or * to list all spells.
Okay, then.
Unknown command.
It was a potion of cancellation.
You feel magically purged.
The jackal bites you but does no damage.
Grinder gestures at you. Pain shoots through your body!
You die...

.###.##)#.....#
#.........####
#....#.....# #....>#..##
###.....#.## #.....#..#
#.....#.# #.....).##
#.....#.# ##.......#
###...<.#.# #......#.#
........)..# #......#.#
#####......# #.h###...#
#........# #@## #...#
.....#......#5####.....
##.###.......gh....[...#
#. #........##....h### .
..#>...### #5..#
........ ... ..<... .
..... .....


You could see Grinder, 2 jackals and a goblin.

Vanquished Creatures
  Terence (D:3)
  Robin (D:2)
  7 adders
  An ooze (D:2)
  3 dart slugs
  3 worms
  4 leopard geckos
  A ball python (D:2)
  5 giant cockroaches
  16 goblins
  11 hobgoblins
  5 jackals
  10 kobolds
  8 bats
  7 frilled lizards
  4 rats
87 creatures vanquished.

Notes
Turn   | Place    | Note
-------+----------+-------------------------------------------
     0 | D:1      | Spazmo the Draconian Fire Elementalist began the quest for the Orb.
     0 | D:1      | Reached XP level 1. HP: 14/14 MP: 3/3
   131 | D:1      | Reached XP level 2. HP: 16/20 MP: 3/5
   135 | D:1      | Learned a level 2 spell: Throw Flame
   770 | D:1      | Reached XP level 3. HP: 27/27 MP: 4/6
   775 | D:1      | Learned a level 3 spell: Conjure Flame
  1052 | D:2      | Reached skill level 1 in Fighting
  1107 | D:1      | Reached skill level 5 in Spellcasting
  1107 | D:1      | Reached skill level 5 in Conjurations
  1107 | D:1      | Reached skill level 6 in Fire Magic
  1107 | D:1      | Reached XP level 4. HP: 40/40 MP: 7/11
  1203 | D:2      | Noticed Robin
  1299 | D:2      | Killed Robin
  1337 | D:2      | Found a faded altar of an unknown god.
  1434 | D:2      | Reached XP level 5. HP: 41/46 MP: 6/12
  1789 | D:2      | Gained mutation: You are frail. (-10% HP) [potion of mutation]
  1789 | D:2      | Gained mutation: You are somewhat resistant to further mutation. [potion of mutation]
  1790 | D:2      | Lost mutation: You are frail. (-10% HP) [potion of mutation]
  1790 | D:2      | Lost mutation: You are somewhat resistant to further mutation. [potion of mutation]
  1790 | D:2      | Gained mutation: Your flesh is cold resistant. (rC+) [potion of mutation]
  1790 | D:2      | Gained mutation: Your natural rate of healing is unusually fast. [potion of mutation]
  1821 | D:3      | Noticed Terence
  1853 | D:3      | Killed Terence
  2012 | D:3      | Noticed Grinder
  2029 | D:3      | HP: 2/46 [Grinder/nerve-wracking pain (14)]
  2030 | D:3      | Killed from afar by Grinder

Vault maps used:
D:1:      roderic_crossed_star
D:2:      chequers_ecumenical_altar_island, minmay_joined_circles, uniq_robin
D:3:      uniq_terence, uniq_grinder

Skill      XL: |  1  2  3 |
---------------+----------+-----
Dodging        | 2 3 |  3.9
Conjurations   | 2 5 |  5.8
Fighting       | 4 |  4.1
Spellcasting   | 5 |  5.4
Fire Magic     | 6 |  6.4
Stealth        | |  1.7

Action                   |  1- 3 |  4- 6 || total
-------------------------+-------+-------++-------
Melee: Unarmed           |    12 |       ||    12
       Tailslap          |     7 |     9 ||    16
       Short sword       |    49 |    19 ||    68
       Dagger            |       |    56 ||    56
Throw: Stone             |       |     3 ||     3
 Cast: Flame Tongue      |    27 |    64 ||    91
       Conjure Flame     |       |     1 ||     1
       Throw Flame       |       |     2 ||     2
  Use: Scroll            |     6 |       ||     6
       Potion            |     1 |     3 ||     4
  Eat: Chunk             |     1 |     3 ||     4
Armor: Skin              |    29 |    36 ||    65
Dodge: Dodged            |    46 |    74 ||   120
